 Dungeon Sprint DCSS version 0.28.0-43-g3370ac3207 (webtiles) character file.

Game seed: 14200376242586557515

1216 boopmooplesden the Carver (level 8, -7/129 HPs)
             Began as a Minotaur Berserker on Mar 28, 2022.
             Was a Priest of Trog.
             Shot with an arrow by a centaur warrior (28 damage)
             ... in the Dungeon (Sprint I: "Red Sonja").
             The game lasted 00:01:26 (997 turns).

boopmooplesden the Carver (Minotaur Berserker)       Turns: 997, Time: 00:01:26

Health: -7/129     AC:  3    Str: 22    XL:     8   Next: 22%
Magic:  7/7        EV: 14    Int:  4    God:    Trog [***...]
Gold:   414        SH:  0    Dex: 12    Spells: 7/7 levels left

rFire   . . .      SeeInvis .   a - +0 falchion
rCold   . . .      Faith    .   (no shield)
rNeg    . . .      Spirit   .   j - +0 leather armour
rPois   .          Reflect  .   (helmet restricted)
rElec   .          Harm     .   (no cloak)
rCorr   .          Rampage  .   (no gloves)
Will    .....      NoTele   +   (no boots)
Stlth   ..........              (no amulet)
HPRegen 0.31/turn               (no ring)
MPRegen 0.10/turn               (no ring)

@: berserking, slow
A: horns 2, retaliatory headbutt
a: Renounce Religion, Berserk, Trog's Hand


You were in the Dungeon.
You worshipped Trog.
Trog was most pleased with you.
You visited 1 branch You collected 414 gold pieces.

Inventory:

Hand Weapons
 a - a +0 falchion (weapon)
 k - a +1 scythe of freezing
Armour
 b - a +0 animal skin
 j - a +0 leather armour (worn)
Wands
 i - a wand of flame (20)
Scrolls
 h - a scroll of blinking
Potions
 c - 2 potions of curing
 d - a potion of heal wounds
 e - 2 potions of haste
 f - 2 potions of magic
 g - a potion of berserk rage


   Skills:
 + Level 13.1 Fighting
 + Level 14.5 Long Blades
 + Level 7.3 Armour
 + Level 6.8 Dodging
 + Level 2.1 Stealth


You had 7 spell levels left.
You didn't know any spells.
Your spell library was empty.

Dungeon Overview and Level Annotations

Branches:
Dungeon (1/1)

Altars:
Cheibriados
Dithmenos
Elyvilon
Fedhas
Gozag
Hepliaklqana
Kikubaaqudgha
Makhleb
Nemelex Xobeh
Okawaru
Qazlal
Ru
Sif Muna
Trog
Uskayaw
Vehumet
Wu Jian
Xom
Yredelemnul
Zin
The Shining One
Jiyva
Lugonu

Shops:
D ?


Innate Abilities, Weirdness & Mutations

You have a pair of horns on your head.
You reflexively headbutt those who attack you in melee.


Message History

The yak gores you but does no damage.
You hit the yak but do no damage. Your headbutt misses the yak.
Your punch misses the yak.
The yak is almost dead.
The yak gores you!
You slash the yak!
You kill the yak!
Trog accepts your kill.
Your Fighting skill increases to level 13!
Found seven altars.
There is an open door, spattered with blood here.
Found a sparkling altar of Nemelex Xobeh.
There is an entrance to Ziotatuat's Magic Scroll Emporium here.
There is an open door, spattered with blood here.
You start resting.
You start resting.
HP restored.
There is a shimmering blue altar of Sif Muna here.
You open the door.
A centaur warrior comes into view.
The centaur warrior moves out of view.
A centaur warrior comes into view.
The centaur warrior moves out of view.
Found 7 gold pieces.
There is an open door here.
You enter the shallow water.
Moving in this stuff is going to be slow.
Found 9 gold pieces.
The centaur warrior wields a +0 longbow.
The centaur warrior shoots an arrow.
The arrow hits you!!
The centaur warrior wields a +0 longbow.
The centaur warrior shoots an arrow.
The arrow hits you!
The centaur warrior shoots an arrow.
The arrow barely misses you.
The centaur warrior shoots an arrow.
The arrow hits you!
A red film seems to cover your vision as you go berserk!
You feel yourself moving faster!
You feel mighty!
The centaur warrior shoots an arrow.
The arrow hits you!!
* * * LOW HITPOINT WARNING * * *
The centaur warrior shoots an arrow.
The arrow hits you!!
You die...

########################
.#..'..#..'..#__#..')..#
.').#.)'[.#..'..'..#)..#
.#####'#####'#__####...+
.####..#...#|####§§#####
.#__####..##.#§§§§c#
.#_____##'#_.'§§@§§+
⌠#_.∩...'..._#§§§§c#
##_..__##_.#'##+####
#_____###+#.# #######
###


You could see 2 centaur warriors.

Vanquished Creatures
  2 kobold demonologists (D)
  A slime creature (D)
  Sigmund (D)
  A yak (D)
  A floating eye (D)
  An ogre (D)
  A jelly (D)
  Ijyb (D)
9 creatures vanquished.

Notes
Turn   | Place    | Note
-------+----------+-------------------------------------------
     0 | D        | boopmooplesden the Minotaur Berserker began the quest for
                  | the Orb.
     0 | D        | Reached XP level 1. HP: 19/19 MP: 0/0
     1 | D        | Noticed Ijyb
    11 | D        | Killed Ijyb
    12 | D        | Reached skill level 5 in Fighting
    12 | D        | Reached skill level 5 in Long Blades
    12 | D        | Reached XP level 2. HP: 5/29 MP: 1/1
   295 | D        | Noticed an ogre
   298 | D        | Killed an ogre
   299 | D        | Reached skill level 7 in Long Blades
   299 | D        | Reached XP level 3. HP: 28/40 MP: 2/2
   299 | D        | Reached XP level 4. HP: 34/48 MP: 3/3
   627 | D        | Noticed Sigmund
   633 | D        | Killed Sigmund
   633 | D        | Reached ** piety under Trog
   634 | D        | Reached skill level 10 in Long Blades
   634 | D        | Reached skill level 5 in Armour
   634 | D        | Reached XP level 5. HP: 58/58 MP: 4/4
   634 | D        | Reached XP level 6. HP: 66/66 MP: 5/5
   669 | D        | Found a burning altar of Makhleb.
   669 | D        | Found a viscous altar of Jiyva.
   669 | D        | Found a shimmering altar of Xom.
   669 | D        | Found a corrupted altar of Lugonu.
   669 | D        | Noticed a slime creature
   678 | D        | Killed a slime creature
   679 | D        | Reached skill level 11 in Long Blades
   679 | D        | Reached skill level 5 in Dodging
   679 | D        | Reached skill level 1 in Stealth
   828 | D        | Noticed a kobold demonologist
   829 | D        | Noticed a floating eye
   830 | D        | Noticed a kobold demonologist
   831 | D        | Killed a floating eye
   832 | D        | Reached skill level 12 in Long Blades
   832 | D        | Reached XP level 7. HP: 74/74 MP: 6/6
   836 | D        | Noticed a rust devil
   837 | D        | Killed a kobold demonologist
   838 | D        | Reached skill level 13 in Long Blades
   839 | D        | Killed a kobold demonologist
   839 | D        | Reached *** piety under Trog
   840 | D        | Reached skill level 14 in Long Blades
   840 | D        | Reached XP level 8. HP: 85/85 MP: 7/7
   866 | D        | Found a shimmering blue altar of Sif Muna.
   867 | D        | Found an ornate altar of the Wu Jian Council.
   868 | D        | Found a radiant altar of Vehumet.
   898 | D        | Found Ziotatuat's Magic Scroll Emporium.
   898 | D        | Found an ancient bone altar of Kikubaaqudgha.
   898 | D        | Found a stormy altar of Qazlal.
   898 | D        | Found a blossoming altar of Fedhas.
   898 | D        | Found a bloodstained altar of Trog.
   898 | D        | Found an iron altar of Okawaru.
   898 | D        | Found a glowing golden altar of the Shining One.
   898 | D        | Found a glowing silver altar of Zin.
   898 | D        | Found a white marble altar of Elyvilon.
   911 | D        | Found a hazy altar of Hepliaklqana.
   911 | D        | Found a hide-covered altar of Uskayaw.
   911 | D        | Found a basalt altar of Yredelemnul.
   911 | D        | Found an opulent altar of Gozag.
   911 | D        | Found a snail-covered altar of Cheibriados.
   911 | D        | Found a sacrificial altar of Ru.
   911 | D        | Found a shadowy altar of Dithmenos.
   912 | D        | Found a sparkling altar of Nemelex Xobeh.
   992 | D        | Noticed a centaur warrior
   993 | D        | Noticed a centaur warrior
   997 | D        | Shot with an arrow by a centaur warrior

Illustrated notes

Levels and vault maps discovered:
D:        dungeon_sprint_1 [red_sonja_temple_1, red_sonja_temple_small_1]

Skill      XL: |  1  2  3  4  5  6  7  8 |
---------------+-------------------------+-----
Fighting       | 5 7 9 11 12 13 | 13.1
Long Blades    | 5 7 10 12 14 | 14.5
Armour         | 3 4 5 6 7 |  7.3
Dodging        | 3 4 5 6 |  6.8
Stealth        | 1 2 |  2.1

Action                   |  1- 3 |  4- 6 |  7- 9 || total
-------------------------+-------+-------+-------++-------
Melee: Falchion          |    10 |    12 |    23 ||    45
       Headbutt          |     1 |     2 |     3 ||     6
Invok: Berserk           |     2 |     3 |     1 ||     6
 Stab: Sleeping          |       |       |     1 ||     1
Armor: Animal skin       |     1 |       |       ||     1
       Leather armour    |       |     1 |     3 ||     4
Dodge: Dodged            |     3 |     3 |     6 ||    12
